| TOP OF THE 1ST |
|
Indianapolis Indians batting - Pitching for Albuquerque Isotopes : RHP Brendan Reeves
|
|
Pitching: RHP Brendan Reeves
|
|
|
Batting: RHB Caleb Russell
|
0-0: Called Strike 0-1: Ball 1-1: Swinging Strike 1-2: Foul Ball, location: 2F 1-2: Ball 2-2: Reached on error, E2 (Groundball, 15S, EV 71.9 MPH)
|
|
Batting: RHB Kirk Seiffert
|
0-0: Called Strike Caleb Russell steals 2nd base 0-1: Foul Ball, location: 2F 0-2: Ball 1-2: Foul Ball, location: 2F 1-2: Fly out, F3 (Line Drive, 3, EV 65.6 MPH)
|
|
Batting: RHB Mike Cochran
|
0-0: Called Strike 0-1: Called Strike 0-2: Ball 1-2: Ball 2-2: Ground out 6-3 (Groundball, 6S, EV 83.8 MPH) Caleb Russell to third
|
|
Batting: LHB Pat Sutton
|
0-0: Ball 1-0: Ball 2-0: Ball 3-0: Base on Balls
|
|
Batting: SHB Ben Myers
|
0-0: Ball 1-0: Called Strike 1-1: Swinging Strike 1-2: Foul Ball, location: 2F 1-2: Foul Ball, location: 2F 1-2: SINGLE (Groundball, 4MD, EV 108.1 MPH) Caleb Russell scores Pat Sutton to second
|
|
Batting: RHB Bubba Tierney
|
0-0: Called Strike 0-1: Called Strike 0-2: SINGLE (Groundball, 6D, EV 96.9 MPH) Pat Sutton to third Ben Myers to second
|
|
Batting: LHB Jorge Quintana
|
0-0: Ground out 1-3 (Groundball, 13S, EV 70.0 MPH)
|
| Top of the 1st over - 1 run, 2 hits, 1 error, 3 left on base; Indianapolis 1 - Albuquerque 0 |
| BOTTOM OF THE 1ST |
|
Albuquerque Isotopes batting - Pitching for Indianapolis Indians : RHP Walt Quinn
|
|
Pitching: RHP Walt Quinn
|
|
|
Batting: LHB Tony Morales
|
0-0: Ball 1-0: Swinging Strike 1-1: Ball 2-1: Foul Ball, location: 2F 2-2: Strikes out looking
|
|
Batting: SHB Pat Wilson
|
0-0: Foul Ball, location: 2F 0-1: Ball 1-1: Ball 2-1: Foul Ball, location: 2F 2-2: Ball 3-2: Base on Balls
|
|
Batting: LHB Tetsuya Oba
|
0-0: Called Strike 0-1: Swinging Strike 0-2: Strikes out looking
|
|
Batting: LHB Katsunan Akimoto
|
0-0: Called Strike Pat Wilson steals 2nd base 0-1: Ground out 4-3 (Groundball, 4, EV 81.3 MPH)
|
| Bottom of the 1st over - 0 runs, 0 hits, 0 errors, 1 left on base; Indianapolis 1 - Albuquerque 0 |
| TOP OF THE 2ND |
|
Indianapolis Indians batting - Pitching for Albuquerque Isotopes : RHP Brendan Reeves
|
|
Batting: RHB Jorge Cruz
|
0-0: Called Strike 0-1: Ground out 5-3 (Groundball, 56, EV 79.4 MPH)
|
|
Batting: RHB Slamet Pamungkas
|
0-0: Ball 1-0: Ball 2-0: Ball 3-0: Called Strike 3-1: Ground out 5-3 (Groundball, 56, EV 79.4 MPH)
|
|
Batting: RHB Caleb Russell
|
0-0: Called Strike 0-1: Ball 1-1: Swinging Strike 1-2: Ground out 6-3 (Groundball, 6, EV 83.1 MPH)
|
| Top of the 2nd over - 0 runs, 0 hits, 0 errors, 0 left on base; Indianapolis 1 - Albuquerque 0 |
| BOTTOM OF THE 2ND |
|
Albuquerque Isotopes batting - Pitching for Indianapolis Indians : RHP Walt Quinn
|
|
Batting: SHB Bradley Barrowcliff
|
0-0: Ball 1-0: Swinging Strike 1-1: Foul Ball, location: 2F 1-2: Foul Ball, location: 2F 1-2: Fly out, F2 (Popup, 13S, EV 89.4 MPH)
|
|
Batting: RHB Ryan Taylor
|
0-0: Called Strike 0-1: Called Strike 0-2: Foul Ball, location: 2F 0-2: Ball 1-2: Foul Ball, location: 2F 1-2: Ball 2-2: Ball 3-2: Base on Balls
|
|
Batting: RHB Nate Carrell
|
0-0: Called Strike 0-1: Swinging Strike 0-2: Ball 1-2: Strikes out swinging
|
|
Batting: RHB Josh Baker
|
0-0: Ball Ryan Taylor steals 2nd base 1-0: Ball 2-0: Ball 3-0: Base on Balls
|
|
Batting: RHB Ben Alspach
|
0-0: Fly out, F7 (Line Drive, 7, EV 85.0 MPH)
|
| Bottom of the 2nd over - 0 runs, 0 hits, 0 errors, 2 left on base; Indianapolis 1 - Albuquerque 0 |
| TOP OF THE 3RD |
|
Indianapolis Indians batting - Pitching for Albuquerque Isotopes : RHP Brendan Reeves
|
|
Pitching: RHP Calvin Hightower
|
|
|
Batting: RHB Kirk Seiffert
|
0-0: Swinging Strike 0-1: Swinging Strike 0-2: Ball 1-2: TRIPLE (Flyball, 78XD, EV 94.4 MPH)
|
|
Batting: RHB Mike Cochran
|
0-0: Called Strike 0-1: SINGLE (Groundball, 4MD, EV 95.0 MPH) Kirk Seiffert scores
|
|
Batting: LHB Pat Sutton
|
0-0: Called Strike 0-1: Swinging Strike 0-2: Strikes out swinging
|
|
Batting: SHB Ben Myers
|
0-0: Ball 1-0: Ball 2-0: Ball 3-0: Called Strike 3-1: Grounds into double play, 4-6-3 (Groundball, 4, EV 83.1 MPH)
|
| Top of the 3rd over - 1 run, 2 hits, 0 errors, 0 left on base; Indianapolis 2 - Albuquerque 0 |
| BOTTOM OF THE 3RD |
|
Albuquerque Isotopes batting - Pitching for Indianapolis Indians : RHP Walt Quinn
|
|
Batting: LHB Tony Morales
|
0-0: Ground out 4-3 (Groundball, 4, EV 100.0 MPH)
|
|
Batting: SHB Pat Wilson
|
0-0: Called Strike 0-1: Fly out, F4 (Line Drive, 4, EV 63.8 MPH)
|
|
Batting: LHB Tetsuya Oba
|
0-0: Foul Ball, location: 2F 0-1: Swinging Strike 0-2: Ball 1-2: Ground out U3 (Groundball, 3L, EV 79.4 MPH)
|
| Bottom of the 3rd over - 0 runs, 0 hits, 0 errors, 0 left on base; Indianapolis 2 - Albuquerque 0 |
| TOP OF THE 4TH |
|
Indianapolis Indians batting - Pitching for Albuquerque Isotopes : RHP Calvin Hightower
|
|
Batting: RHB Bubba Tierney
|
0-0: Fly out, F8 (Flyball, 8LD, EV 100.6 MPH)
|
|
Batting: LHB Jorge Quintana
|
0-0: Fly out, F8 (Flyball, 8RD, EV 108.1 MPH)
|
|
Batting: RHB Jorge Cruz
|
0-0: SINGLE (Line Drive, 34, EV 102.5 MPH)
|
|
Batting: RHB Slamet Pamungkas
|
0-0: Ball 1-0: Foul Ball, location: 2F 1-1: Ball 2-1: Ball 3-1: Fly out, F8 (Line Drive, 8RM, EV 99.4 MPH)
|
| Top of the 4th over - 0 runs, 1 hit, 0 errors, 1 left on base; Indianapolis 2 - Albuquerque 0 |
| BOTTOM OF THE 4TH |
|
Albuquerque Isotopes batting - Pitching for Indianapolis Indians : RHP Walt Quinn
|
|
Batting: LHB Katsunan Akimoto
|
0-0: Ball 1-0: Ball 2-0: Ball 3-0: Base on Balls
|
|
Batting: SHB Bradley Barrowcliff
|
0-0: Called Strike 0-1: Ball 1-1: Fielders Choice at 2nd, 4-6 (Groundball, 34, EV 86.3 MPH)
|
|
Batting: RHB Ryan Taylor
|
0-0: Called Strike Bradley Barrowcliff steals 2nd base (no throw) 0-1: SINGLE (Groundball, 4MD, EV 108.8 MPH) (infield hit) Bradley Barrowcliff to third
|
|
Batting: RHB Nate Carrell
|
0-0: Called Strike 0-1: Hit by Pitch Ryan Taylor to second
|
|
Batting: RHB Josh Baker
|
0-0: Called Strike 0-1: Ball 1-1: Called Strike 1-2: Strikes out swinging
|
|
Batting: RHB Ben Alspach
|
0-0: Ball 1-0: Foul Ball, location: 2F 1-1: Ball 2-1: Foul Ball, location: 2F 2-2: Ball 3-2: Foul Ball, location: 2F 3-2: Base on Balls Bradley Barrowcliff scores Ryan Taylor to third Nate Carrell to second
|
|
Batting: LHB Tony Morales
|
0-0: Called Strike 0-1: Ball 1-1: Ball 2-1: Ball 3-1: Base on Balls Ryan Taylor scores Nate Carrell to third Ben Alspach to second
|
|
Batting: SHB Pat Wilson
|
0-0: Ball 1-0: Foul Ball, location: 2F 1-1: Foul Ball, location: 2F 1-2: SINGLE (Groundball, 56S, EV 73.1 MPH) (infield hit) Nate Carrell scores Ben Alspach to third Tony Morales to second
|
|
Batting: LHB Tetsuya Oba
|
0-0: Fly out, F9 (Flyball, 9LM, EV 91.9 MPH)
|
| Bottom of the 4th over - 3 runs, 2 hits, 0 errors, 3 left on base; Indianapolis 2 - Albuquerque 3 |
| TOP OF THE 5TH |
|
Indianapolis Indians batting - Pitching for Albuquerque Isotopes : RHP Calvin Hightower
|
|
Batting: RHB Caleb Russell
|
0-0: Ball 1-0: Fly out, F9 (Flyball, 9S, EV 88.8 MPH)
|
|
Batting: RHB Kirk Seiffert
|
0-0: Fly out, F4 (Popup, 34, EV 76.9 MPH)
|
|
Batting: RHB Mike Cochran
|
0-0: Ball 1-0: Swinging Strike 1-1: SINGLE (Groundball, 34D, EV 98.8 MPH)
|
|
Batting: LHB Pat Sutton
|
0-0: Called Strike 0-1: SINGLE (Groundball, 3D, EV 97.5 MPH) Mike Cochran to second Runner from 2nd tries for 3rd, SAFE, throw by RF made to third
|
|
Batting: SHB Ben Myers
|
0-0: Ground out 4-3 (Groundball, 4, EV 86.3 MPH)
|
| Top of the 5th over - 0 runs, 2 hits, 0 errors, 2 left on base; Indianapolis 2 - Albuquerque 3 |
| BOTTOM OF THE 5TH |
|
Albuquerque Isotopes batting - Pitching for Indianapolis Indians : RHP Walt Quinn
|
|
Batting: LHB Katsunan Akimoto
|
0-0: Called Strike 0-1: Ball 1-1: Foul Ball, location: 2F 1-2: Foul Ball, location: 2F 1-2: Ball 2-2: Ball 3-2: Strikes out swinging
|
|
Pitching: RHP Mitch Ingerson
|
|
|
Batting: SHB Bradley Barrowcliff
|
0-0: Foul Ball, location: 2F 0-1: Ball 1-1: Foul Ball, location: 2F 1-2: Strikes out swinging
|
|
Batting: RHB Ryan Taylor
|
0-0: Foul Ball, location: 2F 0-1: Foul Ball, location: 2F 0-2: Strikes out swinging
|
| Bottom of the 5th over - 0 runs, 0 hits, 0 errors, 0 left on base; Indianapolis 2 - Albuquerque 3 |
| TOP OF THE 6TH |
|
Indianapolis Indians batting - Pitching for Albuquerque Isotopes : RHP Calvin Hightower
|
|
Batting: RHB Bubba Tierney
|
0-0: Foul Ball, location: 2F 0-1: Hit by Pitch
|
|
Batting: LHB Jorge Quintana
|
0-0: Called Strike 0-1: Ball 1-1: DOUBLE (Line Drive, 78D, EV 100.6 MPH) Bubba Tierney to third Runner from 3rd tries for Home, SAFE, throw by LF to home
|
|
Pitching: RHP Chris Burton
|
|
|
Batting: RHB Jorge Cruz
|
0-0: Foul Ball, location: 2F 0-1: Foul Ball, location: 2F 0-2: Ball 1-2: Ball 2-2: SINGLE (Groundball, 6MD, EV 99.4 MPH) Jorge Quintana to third Runner from 3rd tries for Home, SAFE, throw by CF to home
|
|
Batting: RHB Slamet Pamungkas
|
0-0: Ground out U3 (Groundball, 3S, EV 78.1 MPH) Jorge Cruz to second
|
|
Batting: RHB Caleb Russell
|
0-0: Ball Wild Pitch! Jorge Cruz to third 1-0: Fly out, F9 (Flyball, 89M, EV 95.6 MPH) Runner from 3rd tags up, SCORES, throw by RF
|
|
Batting: RHB Kirk Seiffert
|
0-0: Ground out 6-3 (Groundball, 6, EV 82.5 MPH)
|
| Top of the 6th over - 3 runs, 2 hits, 0 errors, 0 left on base; Indianapolis 5 - Albuquerque 3 |
| BOTTOM OF THE 6TH |
|
Albuquerque Isotopes batting - Pitching for Indianapolis Indians : RHP Mitch Ingerson
|
|
Batting: RHB Nate Carrell
|
0-0: Swinging Strike 0-1: Fly out, F9 (Line Drive, 9, EV 106.3 MPH)
|
|
Batting: RHB Josh Baker
|
0-0: Called Strike 0-1: Swinging Strike 0-2: Ball 1-2: Foul Ball, location: 2F 1-2: Ball 2-2: Ground out 6-3 (Groundball, 56D, EV 90.0 MPH)
|
|
Batting: RHB Ben Alspach
|
0-0: Ball 1-0: Ball 2-0: Ball 3-0: Called Strike 3-1: Base on Balls
|
|
Batting: LHB Tony Morales
|
0-0: Called Strike 0-1: Ball 1-1: Foul Ball, location: 2F 1-2: Ball Ben Alspach steals 2nd base 2-2: Ground out 4-3 (Groundball, 4, EV 80.6 MPH)
|
| Bottom of the 6th over - 0 runs, 0 hits, 0 errors, 1 left on base; Indianapolis 5 - Albuquerque 3 |
| TOP OF THE 7TH |
|
Indianapolis Indians batting - Pitching for Albuquerque Isotopes : RHP Chris Burton
|
|
Batting: RHB Mike Cochran
|
0-0: Called Strike 0-1: Foul Ball, location: 2F 0-2: Foul Ball, location: 2F 0-2: SINGLE (Groundball, 56D, EV 108.1 MPH)
|
|
Batting: LHB Pat Sutton
|
0-0: Ball 1-0: Called Strike 1-1: Ball 2-1: Ball Wild Pitch! Mike Cochran to second 3-1: Base on Balls
|
|
Batting: SHB Ben Myers
|
0-0: Swinging Strike 0-1: Ball 1-1: Ball 2-1: SINGLE (Groundball, 34D, EV 108.1 MPH) Mike Cochran to third Pat Sutton to second
|
|
Batting: RHB Bubba Tierney
|
0-0: Ball 1-0: Ball 2-0: Ball 3-0: Called Strike 3-1: Base on Balls Mike Cochran scores Pat Sutton to third Ben Myers to second
|
|
Batting: LHB Jorge Quintana
|
0-0: Hit by Pitch Pat Sutton scores Ben Myers to third Bubba Tierney to second
|
|
Pitching: LHP Jorge Segarra
|
|
|
Batting: RHB Jorge Cruz
|
0-0: Fielders Choice at 2nd, 6-4 (Groundball, 6, EV 82.5 MPH) Ben Myers scores Bubba Tierney to third
|
|
Batting: RHB Slamet Pamungkas
|
0-0: Foul Ball, location: 2F 0-1: Fielders Choice at 2nd, 4-6 (Groundball, 34, EV 83.8 MPH) Bubba Tierney scores
|
|
Batting: RHB Caleb Russell
|
0-0: Called Strike 0-1: Called Strike Slamet Pamungkas steals 2nd, throwing error, E2 Slamet Pamungkas to third 0-2: Ground out 6-3 (Groundball, 6, EV 90.0 MPH)
|
| Top of the 7th over - 4 runs, 2 hits, 1 error, 1 left on base; Indianapolis 9 - Albuquerque 3 |
| BOTTOM OF THE 7TH |
|
Albuquerque Isotopes batting - Pitching for Indianapolis Indians : RHP Mitch Ingerson
|
|
Batting: SHB Pat Wilson
|
0-0: Ball 1-0: Foul Ball, location: 2F 1-1: Ball 2-1: Swinging Strike 2-2: Strikes out swinging, 2-3 out at first.
|
|
Batting: LHB Tetsuya Oba
|
0-0: Foul Ball, location: 2F 0-1: Foul Ball, location: 2F 0-2: Ball 1-2: Foul Ball, location: 2F 1-2: Foul Ball, location: 2F 1-2: Strikes out swinging
|
|
Batting: LHB Katsunan Akimoto
|
0-0: Ball 1-0: Ball 2-0: Foul Ball, location: 2F 2-1: Ball 3-1: Called Strike 3-2: Ground out 4-3 (Groundball, 4MD, EV 96.9 MPH)
|
| Bottom of the 7th over - 0 runs, 0 hits, 0 errors, 0 left on base; Indianapolis 9 - Albuquerque 3 |
| TOP OF THE 8TH |
|
Indianapolis Indians batting - Pitching for Albuquerque Isotopes : LHP Jorge Segarra
|
|
Batting: RHB Kirk Seiffert
|
0-0: Foul Ball, location: 2F 0-1: Foul Ball, location: 2F 0-2: Foul Ball, location: 2F 0-2: Ball 1-2: Ground out U3 (Groundball, 34, EV 101.9 MPH)
|
|
Batting: RHB Mike Cochran
|
0-0: Ball 1-0: Called Strike 1-1: Foul Ball, location: 2F 1-2: Foul Ball, location: 2F 1-2: Ground out 5-3 (Groundball, 56, EV 84.4 MPH)
|
|
Batting: LHB Pat Sutton
|
0-0: Foul Ball, location: 2F 0-1: Ball 1-1: DOUBLE (Line Drive, 9LM, EV 105.6 MPH)
|
|
Batting: SHB Ben Myers
|
0-0: Ball 1-0: Ground out U3 (Groundball, 13, EV 85.6 MPH)
|
| Top of the 8th over - 0 runs, 1 hit, 0 errors, 1 left on base; Indianapolis 9 - Albuquerque 3 |
| BOTTOM OF THE 8TH |
|
Albuquerque Isotopes batting - Pitching for Indianapolis Indians : RHP Mitch Ingerson
|
|
Batting: SHB Bradley Barrowcliff
|
0-0: Ball 1-0: Foul Ball, location: 2F 1-1: Swinging Strike 1-2: Strikes out swinging
|
|
Batting: RHB Ryan Taylor
|
0-0: Foul Ball, location: 2F 0-1: Fly out, F8 (Flyball, 8LM, EV 89.4 MPH)
|
|
Batting: RHB Nate Carrell
|
0-0: Ball 1-0: Ball 2-0: Foul Ball, location: 2F 2-1: Ball 3-1: Ground out 6-3 (Groundball, 6, EV 84.4 MPH)
|
| Bottom of the 8th over - 0 runs, 0 hits, 0 errors, 0 left on base; Indianapolis 9 - Albuquerque 3 |
| TOP OF THE 9TH |
|
Indianapolis Indians batting - Pitching for Albuquerque Isotopes : LHP Jorge Segarra
|
|
Batting: RHB Bubba Tierney
|
0-0: Called Strike 0-1: Ball 1-1: Ball 2-1: Swinging Strike 2-2: Ball 3-2: Base on Balls
|
|
Batting: LHB Jorge Quintana
|
0-0: Ball 1-0: Called Strike 1-1: Fielders Choice at 2nd, 4-6 (Groundball, 4, EV 76.9 MPH)
|
|
Batting: RHB Jorge Cruz
|
0-0: Called Strike 0-1: Ball 1-1: Called Strike 1-2: Ball 2-2: Ball Jorge Quintana steals 2nd base 3-2: SINGLE (Groundball, 13S, EV 63.8 MPH) (infield hit) Jorge Quintana to third
|
|
Pitching: LHP Dario Rios
|
|
|
Batting: RHB Slamet Pamungkas
|
0-0: Foul Ball, location: 2F 0-1: Called Strike 0-2: Foul Ball, location: 2F 0-2: Foul Ball, location: 2F 0-2: Ball 1-2: Fly out, F8 (Flyball, 8RD, EV 96.3 MPH) Runner from 3rd tags up, SCORES, throw by CF
|
|
Batting: RHB Caleb Russell
|
0-0: SINGLE (Flyball, 56D, EV 76.9 MPH) Jorge Cruz to second
|
|
Pinch Hitting: RHB Chris McCoy
|
0-0: Ball 1-0: Fielders Choice at 2nd, 5-4 (Groundball, 56, EV 92.5 MPH)
|
| Top of the 9th over - 1 run, 2 hits, 0 errors, 2 left on base; Indianapolis 10 - Albuquerque 3 |
| BOTTOM OF THE 9TH |
|
Albuquerque Isotopes batting - Pitching for Indianapolis Indians : RHP Mitch Ingerson
|
|
Now at 3B: Chris McCoy
|
|
|
Batting: RHB Josh Baker
|
0-0: Foul Ball, location: 2F 0-1: Called Strike 0-2: Ball 1-2: Ball 2-2: Ball 3-2: Foul Ball, location: 2F 3-2: Foul Ball, location: 2F 3-2: Foul Ball, location: 2F 3-2: Base on Balls
|
|
Pitching: RHP Mario Medrano
|
|
|
Batting: RHB Ben Alspach
|
0-0: Swinging Strike 0-1: Ball 1-1: Swinging Strike 1-2: Ball 2-2: SINGLE (Groundball, 56D, EV 108.1 MPH) (infield hit) Josh Baker to second
|
|
Batting: LHB Tony Morales
|
0-0: Called Strike 0-1: Ball 1-1: Foul Ball, location: 2F 1-2: Hit by Pitch Josh Baker to third Ben Alspach to second
|
|
Batting: SHB Pat Wilson
|
0-0: Called Strike 0-1: Ball 1-1: Grounds into fielders choice 1-2 (Groundball, 13S, EV 74.4 MPH) Ben Alspach to third Tony Morales to second
|
|
Batting: LHB Tetsuya Oba
|
0-0: Foul Ball, location: 2F 0-1: Ball 1-1: Called Strike 1-2: Ball 2-2: Strikes out looking
|
|
Batting: LHB Katsunan Akimoto
|
0-0: Called Strike 0-1: Ground out 4-3 (Groundball, 4D, EV 103.8 MPH)
|
| Bottom of the 9th over - 0 runs, 1 hit, 0 errors, 3 left on base; Indianapolis 10 - Albuquerque 3 |
|